 Dungeon Crawl Stone Soup version 0.14-a0-1663-g0b35444 (webtiles) character file.

876 M4edhros the Stinger (level 7, -2/41 HPs)
             Began as an Octopode Venom Mage on Dec 28, 2013.
             Was a Plaything of Xom.
             Slain by an iguana (12 damage)
             ... on Level 6 of the Dungeon.
             The game lasted 00:13:33 (4823 turns).

M4edhros the Stinger (Octopode Venom Mage)          Turns: 4823, Time: 00:13:33

HP  -2/41        AC  1     Str  7      XL: 7   Next: 52%
MP  19/26        EV 12     Int 20      God: Xom
Gold 232         SH  0     Dex 11 (12) Spells:  2 memorised, 10 levels left

rFire  . . .     SeeInvis .     j - +2 short sword
rCold  . . .     Clarity  .     (no shield)
rNeg   . . .     Conserve .     (helmet restricted)
rPois  .         rCorr    .     (no amulet)
rElec  .         rRot     .     p - ring of magical power
SustAb . .       Spirit   .     q - ring of flight
rMut   .         Warding  .     (no ring)
Saprov . . .     Stasis   .     (no ring)
                                (no ring)
                                (no ring)
                                (no ring)
                                (no ring)

@: slightly resistant to hostile enchantments, quite stealthy
A: almost no armour, amphibious, 8 rings, constrict 8, camouflage 1, gelatinous
body 1
a: Renounce Religion, Evoke Flight


You were on level 6 of the Dungeon.
You worshipped Xom.
You were a special plaything of Xom.
You were very hungry.

You visited 1 branch of the dungeon, and saw 6 of its levels.

You collected 232 gold pieces.

Inventory:

Hand weapons
 h - a +0,+0 dagger
 j - a +2,+2 short sword (weapon)
Armour
 a - a +1 large shield
Magical devices
 r - a wand of digging (3)
Comestibles
 c - 4 bread rations
 l - a choko
 o - a slice of pizza
 s - a lemon
Scrolls
 d - 3 scrolls of remove curse {unknown}
 f - a scroll of blinking
 g - 2 scrolls of identify
 k - a scroll of fog
 m - a scroll of teleportation {unknown}
 n - a scroll of curse armour
Jewellery
 p - a ring of magical power (left tentacle)
 q - a ring of flight (right tentacle)
Potions
 i - a potion of restore abilities
Books
 b - a Young Poisoner's Handbook

   Spells                             Type                      Level
   *Sting                             Conjuration/Poison           1
   Cure Poison                        Poison                       2
   *Mephitic Cloud                    Conjuration/Poison/Air       3
   Olgreb's Toxic Radiance            Poison                       4
   Venom Bolt                         Conjuration/Poison           5
 e - a book of Necromancy

   Spells                             Type                      Level
   Pain                               Necromancy                   1
   Animate Skeleton                   Necromancy                   1
   Lethal Infusion                    Charms/Necromancy            2
   Vampiric Draining                  Necromancy                   3
   Regeneration                       Charms/Necromancy            3
   Animate Dead                       Necromancy                   4
   Control Undead                     Necromancy                   4


   Skills:
 - Level 0.2 Short Blades
 - Level 2.2 Dodging
 - Level 3.0 Stealth
 - Level 0.2 Unarmed Combat
 + Level 4.3 Spellcasting
 + Level 4.0 Conjurations
 + Level 7.5 Poison Magic


You had 10 spell levels left.
You knew the following spells:

 Your Spells              Type           Power        Failure   Level  Hunger
a - Sting                 Conj/Pois      ####         1%          1    None
b - Mephitic Cloud        Conj/Pois/Air  ###.....     10%         3    ###....


Dungeon Overview and Level Annotations

Branches:
Dungeon (6/16)
 Temple: D:4-7

Altars:
Xom
Yredelemnul

Shops:
D:5 :

Annotations:
D:2 Sigmund
D:4 Pikel


Innate Abilities, Weirdness & Mutations

You cannot wear most types of armour.
You are amphibious.
You can wear up to eight rings at the same time.
You can use your tentacles to constrict many enemies at once.
Your skin changes colour to match your surroundings (Stlth).
Your rubbery body absorbs attacks (AC +1).


Message History

* * * LOW HITPOINT WARNING * * *
An iguana is nearby!
Casting: Sting
Confirm with . or Enter, or press ? or * to list all spells.
Aiming: Sting
Press: ? - help, Shift-Dir - straight line, f/p - iguana
Aim: an iguana (severely wounded, poisoned)
The sting hits the iguana.
The iguana looks even sicker.
The iguana is severely wounded.
The iguana closely misses you.
An iguana is nearby!
Casting: Sting
Confirm with . or Enter, or press ? or * to list all spells.
Aiming: Sting
Press: ? - help, Shift-Dir - straight line, f/p - iguana
Aim: an iguana (severely wounded, poisoned)
The sting hits the iguana.
The iguana is severely wounded.
The iguana bites you!
You die...

### ..# ###
#.###.##
#.##.#.##
#.###.#.###.##
#......## ##.#
#####.#.###.##
#@##.#.##
.......l.###.##
.##########.####
#.......#
#.##.##.#
#.##.##.#
#.##.##.#
#.##.##.#
#..#.##.#


You could see an iguana.

Vanquished Creatures
  A slave (D:3)
  An orc warrior (D:6)
  2 crimson imps (D:5)
  An orc priest (D:4)
  A quasit (D:3)
  4 worker ants
  An iguana (D:5)
  2 scorpions (D:6)
  2 orc wizards
  Ijyb (D:5)
  Terence (D:2)
  6 adders
  2 worms (D:5)
  A giant gecko (D:3)
  3 oozes (D:1)
  17 orcs
  3 ball pythons (D:2)
  12 bats
  A bat zombie (D:5)
  2 giant cockroaches
  7 goblins
  9 hobgoblins
  A quokka (D:2)
  2 giant newts
  A hobgoblin zombie (D:6)
  15 kobolds
  A kobold skeleton (D:3)
  10 rats
110 creatures vanquished.

Vanquished Creatures (others)
  A hound (D:4)
  An orc (D:4)
2 creatures vanquished.

Grand Total: 112 creatures vanquished

Notes
Turn   | Place    | Note
--------------------------------------------------------------
     0 | D:1      | M4edhros, the Octopode Venom Mage, began the quest for the Orb.
     0 | D:1      | Reached XP level 1. HP: 11/11 MP: 3/3
   189 | D:1      | Found a shimmering altar of Xom.
   190 | D:1      | Found a shimmering altar of Xom.
   190 | D:1      | Found a shimmering altar of Xom.
   190 | D:1      | Found a shimmering altar of Xom.
   196 | D:1      | Became a worshipper of Xom of Chaos
   210 | D:1      | XOM: divination: detect creatures
   288 | D:1      | Reached skill level 5 in Poison Magic
   547 | D:1      | Reached XP level 2. HP: 13/17 MP: 1/4
   650 | D:1      | XOM: silly message
   732 | D:1      | XOM: harmless Chrm miscast
   865 | D:1      | XOM: harmless Fire miscast
  1050 | D:2      | Noticed Sigmund
  1104 | D:2      | Reached XP level 3. HP: 19/21 MP: 1/6
  1137 | D:2      | Learned a level 3 spell: Mephitic Cloud
  1161 | D:2      | Reached skill level 1 in Conjurations
  1322 | D:2      | XOM: divination: detect creatures
  1352 | D:2      | Noticed Terence
  1371 | D:2      | Killed Terence
  1371 | D:2      | Reached XP level 4. HP: 16/27 MP: 2/8
  1533 | D:2      | XOM: divination: magic mapping
  2159 | D:2      | XOM: colour smoke trail
  2427 | D:3      | Reached XP level 5. HP: 28/31 MP: 3/9
  2581 | D:3      | XOM: divination: detect creatures
  2586 | D:3      | XOM: potion effect (speed)
  2597 | D:3      | Reached skill level 6 in Poison Magic
  2665 | D:4      | Noticed a slave
  2713 | D:4      | XOM: divination: detect items
  2716 | D:4      | Noticed a slave
  2732 | D:3      | XOM: enchant monster (good)
  2759 | D:3      | XOM: scenery: create altars
  2916 | D:3      | XOM: harmless Erth miscast
  2938 | D:4      | Noticed a slave
  2938 | D:4      | XOM: enchant monster (good)
  2945 | D:3      | XOM: confuse monster(s)
  2950 | D:3      | XOM: potion effect (invisibility)
  2973 | D:3      | Killed a slave
  3050 | D:4      | Noticed Pikel
  3051 | D:4      | Noticed a slave
  3096 | D:4      | Reached XP level 6. HP: 15/36 MP: 1/13
  3106 | D:5      | Entered Level 5 of the Dungeon
  3346 | D:5      | XOM: scenery: create altars
  3918 | D:5      | Noticed Ijyb
  3927 | D:5      | Killed Ijyb
  3998 | D:5      | XOM: blink monster(s)
  4149 | D:5      | Found a shimmering altar of Xom.
  4149 | D:5      | Found a basalt altar of Yredelemnul.
  4210 | D:5      | Found Zaoqosob's Book Shop.
  4309 | D:5      | XOM: 3-stop teleportation journey
  4345 | D:5      | XOM: blink monster(s)
  4378 | D:5      | XOM is BORED!
  4378 | D:5      | XOM: noise
  4393 | D:5      | XOM: harmless Divn miscast
  4395 | D:5      | Reached skill level 7 in Poison Magic
  4395 | D:5      | Reached XP level 7. HP: 30/41 MP: 15/15
  4823 | D:6      | Slain by an iguana

Action                   |  1- 3 |  4- 6 |  7- 9 || total
-------------------------+-------+-------+-------++-------
Melee: Unarmed           |     8 |       |       ||     8
       Short sword       |    26 |    72 |     6 ||   104
       Dagger            |    12 |       |       ||    12
 Cast: Sting             |    46 |   177 |    31 ||   254
       Mephitic Cloud    |       |     3 |     1 ||     4
Evoke: Wand              |       |       |     1 ||     1
  Use: Potion            |     3 |     7 |       ||    10
       Scroll            |       |     6 |       ||     6
 Stab: Sleeping          |     2 |     2 |     3 ||     7
       Confused          |       |     1 |       ||     1
